 Dungeon Crawl Stone Soup version 0.24.0-41-g2ae2f7f1be (webtiles) character file.

Game seed: 14037177781628179628, levelgen mode: deterministic

80 FishyPogo the Charmwright (level 4, -2/38 HPs)
             Began as a Gnoll Skald on Dec 12, 2019.
             Slain by a gnoll
             ... wielding a +0 spear of venom
              (3 damage)
             ... on level 3 of the Dungeon.
             The game lasted 00:06:58 (1877 turns).

FishyPogo the Charmwright (Gnoll Skald)             Turns: 1877, Time: 00:06:59

Health: -2/38      AC:  3    Str: 14    XL:     4   Next: 39%
Magic:  9/11       EV: 14    Int: 16    God:
Gold:   67         SH:  0    Dex: 14    Spells: 2/13 levels left

rFire    . . .     SeeInvis .   a - +0 short sword
rCold    . . .     Gourm    .   (no shield)
rNeg     . . .     Faith    .   b - +0 leather armour
rPois    .         Spirit   .   (no helmet)
rElec    .         Reflect  .   (no cloak)
rCorr    .         Harm     .   (no gloves)
MR       .....                  (no boots)
Stlth    +.........             (no amulet)
HPRegen  0.12/turn              (no ring)
MPRegen  0.12/turn              (no ring)

@: lethally poisoned (-2 -> -8), singing, flying
A: distributed training, fangs 1, strong nose
a: no special abilities


You were on level 3 of the Dungeon.
You were hungry.

You visited 1 branch of the dungeon, and saw 3 of its levels.

You collected 67 gold pieces.

Inventory:

Hand Weapons
 a - a +0 short sword (weapon)
Missiles
 g - 29 stones (quivered)
 k - 2 javelins
Armour
 b - a +0 leather armour (worn)
Scrolls
 c - a scroll of enchant armour {unknown}
 e - 3 scrolls of remove curse {unknown}
 h - 2 scrolls of teleportation {unknown}
 i - a scroll of blinking {unknown}
Comestibles
 d - 3 rations


   Skills:
 + Level 4.6 Fighting
 + Level 4.6 Short Blades
 + Level 1.1 Long Blades
 + Level 1.1 Axes
 + Level 1.1 Maces & Flails
 + Level 1.1 Polearms
 + Level 1.1 Staves
 + Level 1.1 Slings
 + Level 1.1 Bows
 + Level 1.1 Crossbows
 + Level 1.1 Throwing
 + Level 2.7 Armour
 + Level 4.6 Dodging
 + Level 1.1 Stealth
 + Level 1.1 Shields
 + Level 1.1 Unarmed Combat
 + Level 5.0 Spellcasting
 + Level 0.8 Conjurations
 + Level 0.8 Hexes
 + Level 5.4 Charms
 + Level 0.8 Summonings
 + Level 0.8 Necromancy
 + Level 0.8 Translocations
 + Level 0.8 Transmutations
 + Level 0.8 Fire Magic
 + Level 0.8 Ice Magic
 + Level 0.8 Air Magic
 + Level 0.8 Earth Magic
 + Level 0.8 Poison Magic
 + Level 1.2 Invocations
 + Level 1.1 Evocations


You had 2 spell levels left.
You knew the following spells:

 Your Spells              Type           Power        Failure   Level  Hunger
h - Regeneration          Chrm/Necr      ##........   16%         3    ###....
n - Spectral Weapon       Hex/Chrm       ##......     16%         3    ###....
p - Shroud of Golubria    Chrm/Tloc      ##....       8%          2    #......
u - Song of Slaying       Chrm           ###.....     3%          2    #......
y - Infusion              Chrm           ###.         1%          1    None

Your spell library contained the following spells:

 Spells                   Type           Power        Failure   Level  Hunger


Dungeon Overview and Level Annotations

Branches:
Dungeon (3/15)

Altars:


Innate Abilities, Weirdness & Mutations

Your experience applies equally to all skills.
You have very sharp teeth.
Your uncanny sense of smell can sniff out nearby items.


Message History

The gnoll is moderately wounded.
You feel sick.
The gnoll hits you from afar with a +0 spear of venom.
The gnoll misses you.
You closely miss the gnoll.
The gnoll is moderately wounded.
You feel sick. The gnoll hits you with a +0 flail!
The gnoll hits you from afar with a +0 spear of venom!
* * * LOW HITPOINT WARNING * * *
The gnoll misses you.
You closely miss the gnoll. You bite the gnoll, but do no damage.
The gnoll is lightly wounded.
You feel sick. The gnoll misses you. The gnoll barely misses you.
It was a potion of flight.
You feel very buoyant.
You fly up into the air.
The gnoll hits you with a +0 spear!
* * * LOW HITPOINT WARNING * * *
The gnoll barely misses you.
The gnoll hits you from afar with a +0 spear of venom.
You die...

..$...
......#######
............
...........
........#$#####...
................#
#.#.......#####.#
.....#.<.........
......g@g......>#
#.>.###.###.###.#
... .g. ... .#
#..## .### #..# #
#..# .... #.##


You could see 3 gnolls.

Vanquished Creatures
  3 adders (D:2)
  An ooze (D:1)
  A dart slug (D:1)
  A leopard gecko (D:1)
  8 bats
  7 goblins
  5 hobgoblins
  9 kobolds
  A ball python (D:2)
  A frilled lizard (D:1)
  8 rats
45 creatures vanquished.

Notes
Turn   | Place    | Note
-------+----------+-------------------------------------------
     0 | D:1      | FishyPogo the Gnoll Skald began the quest for the Orb.
     0 | D:1      | Reached XP level 1. HP: 20/20 MP: 6/6
   165 | D:1      | Reached XP level 2. HP: 19/26 MP: 3/7
   169 | D:1      | Learned a level 2 spell: Song of Slaying
   172 | D:1      | Learned a level 2 spell: Shroud of Golubria
   429 | D:1      | Reached XP level 3. HP: 28/31 MP: 0/9
   434 | D:1      | Learned a level 3 spell: Regeneration
   438 | D:1      | Learned a level 3 spell: Spectral Weapon
   496 | D:1      | Reached skill level 5 in Spellcasting
  1041 | D:2      | Reached skill level 1 in Invocations
  1145 | D:2      | Reached skill level 1 in Long Blades
  1145 | D:2      | Reached skill level 1 in Axes
  1145 | D:2      | Reached skill level 1 in Maces & Flails
  1145 | D:2      | Reached skill level 1 in Polearms
  1145 | D:2      | Reached skill level 1 in Staves
  1145 | D:2      | Reached skill level 1 in Slings
  1145 | D:2      | Reached skill level 1 in Bows
  1145 | D:2      | Reached skill level 1 in Crossbows
  1145 | D:2      | Reached skill level 1 in Throwing
  1145 | D:2      | Reached skill level 1 in Stealth
  1145 | D:2      | Reached skill level 1 in Shields
  1145 | D:2      | Reached skill level 1 in Unarmed Combat
  1145 | D:2      | Reached skill level 1 in Evocations
  1145 | D:2      | Reached XP level 4. HP: 6/38 MP: 0/11
  1877 | D:3      | HP: 1/38 [gnoll/+0 spear (9)]
  1877 | D:3      | Slain by a gnoll

Levels and vault maps discovered:
D:1:      erik_arrival_triangle_medium, layout_loops_corners
D:2:      layout_basic, minmay_misc_feat_rugged
D:3:      layout_basic, serial_undead, serial_undead_c, serial_undead_f,
          serial_undead_d, serial_undead_e

Skill      XL: |  1  2  3 |
---------------+----------+-----
Spellcasting   | 5 |  5.0
Invocations    | 1 |  1.2
Long Blades    | 1 |  1.1
Axes           | 1 |  1.1
Maces & Flails | 1 |  1.1
Polearms       | 1 |  1.1
Staves         | 1 |  1.1
Slings         | 1 |  1.1
Bows           | 1 |  1.1
Crossbows      | 1 |  1.1
Throwing       | 1 |  1.1
Stealth        | 1 |  1.1
Shields        | 1 |  1.1
Unarmed Combat | 1 |  1.1
Evocations     | 1 |  1.1
Fighting       | |  4.6
Short Blades   | |  4.6
Armour         | |  2.7
Dodging        | |  4.6
Conjurations   | |  0.8
Hexes          | |  0.8
Charms         | |  5.4
Summonings     | |  0.8
Necromancy     | |  0.8
Translocations | |  0.8
Transmutations | |  0.8
Fire Magic     | |  0.8
Ice Magic      | |  0.8
Air Magic      | |  0.8
Earth Magic    | |  0.8
Poison Magic   | |  0.8

Action                   |  1- 3 |  4- 6 || total
-------------------------+-------+-------++-------
Melee: Short sword       |   103 |    29 ||   132
       Bite              |     6 |     3 ||     9
       Punch             |     1 |       ||     1
Throw: Stone             |       |     2 ||     2
 Cast: Infusion          |     5 |       ||     5
       Shroud of Golubri |     5 |     2 ||     7
       Song of Slaying   |     4 |     2 ||     6
       Regeneration      |       |     3 ||     3
  Use: Potion            |       |     2 ||     2
 Stab: Sleeping          |     2 |       ||     2
  Eat: Chunk             |     1 |     2 ||     3
Armor: Leather armour    |    25 |     3 ||    28
       Skin              |       |     4 ||     4
Dodge: Dodged            |    96 |    27 ||   123
